 Dungeon Crawl Stone Soup version 0.21-a0-55-gb612c23 (webtiles) character file.

22412 xgamer67 the Brawler (level 12, -4/114 HPs)
             Began as a Troll Fighter on June 15, 2017.
             Was a High Priest of Makhleb.
             Slain by a shadow (9 damage)
             ... on level 14 of the Dungeon.
             The game lasted 00:34:58 (12143 turns).

xgamer67 the Brawler (Troll Fighter)               Turns: 12143, Time: 00:34:58

Health: -4/114     AC:  8    Str: 30    XL:     12   Next: 62%
Magic:  16/16      EV: 10    Int:  4    God:    Makhleb [*****.]
Gold:   373        SH: 12    Dex: 13    Spells: 11/11 levels left

rFire    + . .     SeeInvis .     - Unarmed
rCold    . . .     Gourm    +   b - +0 shield
rNeg     . . .     Faith    .   F - +1 robe of Rorutib {Str+3}
rPois    +         Spirit   .   (helmet restricted)
rElec    .         Reflect  .   e - +1 cloak
rCorr    .         Harm     .   (gloves unavailable)
MR       .....                  (boots unavailable)
Stlth    +.........             (no amulet)
HPRegen  0.69/turn              s - ring of protection from fire
MPRegen  0.15/turn              m - ring of poison resistance

@: no status effects
A: unfitting armour, claws 3, fast metabolism 3, gourmand, regeneration 1,
shaggy fur 1, tough skin 2
a: Minor Destruction, Lesser Servant of Makhleb, Major Destruction, Greater
Servant of Makhleb, Renounce Religion


You were on level 14 of the Dungeon.
You worshipped Makhleb.
Makhleb was extremely pleased with you.
You were not hungry.

You visited 2 branches of the dungeon, and saw 15 of its levels.
You visited 1 bazaar.

You collected 892 gold pieces.
You spent 519 gold pieces at shops.

Inventory:

Missiles
 q - 20 tomahawks (quivered)
 I - 13 large rocks
 K - 4 javelins
Armour
 b - a +0 shield (worn)
 e - a +1 cloak (worn)
 n - a +0 troll leather armour
 C - a +2 robe of fire resistance
 F - the +1 robe of Rorutib (worn) {Str+3}
   (You found it on level 11 of the Dungeon)

   It affects your strength (+3).
Jewellery
 k - an uncursed ring of magical power
 m - a ring of poison resistance (right claw)
 s - a ring of protection from fire (left claw)
 x - an uncursed ring of stealth
Wands
 u - a wand of digging (10/24)
 v - a wand of flame (0/48)
 y - a wand of polymorph (13/24)
 A - a wand of lightning (4/15)
 G - a wand of confusion (12/48)
 M - a wand of paralysis (18/24)
 P - a wand of random effects (18/48)
Scrolls
 l - 3 scrolls of magic mapping
 z - a scroll of silence
 D - a scroll of recharging
 E - 2 scrolls of immolation
 H - a scroll of remove curse
 J - a scroll of fog
 L - a scroll of enchant weapon
 N - 2 scrolls of identify
 O - a scroll of holy word
Potions
 c - 2 potions of might
 f - 4 potions of haste
 h - 2 potions of brilliance
 j - 2 potions of lignification
 o - 11 potions of curing
 r - 2 potions of ambrosia
 w - 2 potions of agility
Books
 Q - a book of Clouds

   Spells                             Type                      Level
   a - Poisonous Vapours              Poison/Air                   2
   b - Mephitic Cloud                 Conjuration/Poison/Air       3
   c - Conjure Flame                  Conjuration/Fire             3
   d - Freezing Cloud                 Conjuration/Ice/Air          6
   e - Ring of Flames                 Charms/Fire                  7
Miscellaneous
 a - a fan of gales (inert)
Comestibles
 d - 10 bread rations
 i - 8 meat rations
 p - 10 royal jellies
 B - a fruit


   Skills:
 + Level 6.0 Fighting
 - Level 2.4 Dodging
 - Level 9.0 Shields
 + Level 15.2 Unarmed Combat
 + Level 7.0 Invocations


You had 11 spell levels left.
You didn't know any spells.

Dungeon Overview and Level Annotations

Branches:
Dungeon (15/15)            Temple (0/1) D:5            Lair (1/6) D:11
    Orc (0/2) D:12         Depths (0/5) D:15
 Vaults: D:13-14

Altars:
Dithmenos
Fedhas
Gozag
Makhleb
Okawaru
Trog
Uskayaw
Zin
The Shining One

Shops:
D:5 *   D:7 *(

Portals:
Ice
Cave: D:15

Annotations:
D:14 Agnes, Kirke, Snorg


Innate Abilities, Weirdness & Mutations

You are too large for most types of armour.
You have claws for hands.
Your metabolism is lightning-fast.
You like to eat raw meat.
Your natural rate of healing is unusually fast.
You are covered in fur. (AC +1)
You have very tough skin. (AC +2)


Message History

Evoke which item? (* to show all) (? for menu, Esc to quit)
Okay, then.
You feel much better. Something hits you.
* * * LOW HITPOINT WARNING * * *
Something hits you!
* * * LOW HITPOINT WARNING * * *
The centaur shoots an arrow.
The arrow hits you!
* * * LOW HITPOINT WARNING * * *
The shadow slips into darkness.
The shadow flickers and vanishes!
The ice beast closely misses you. You block something's attack.
The centaur shoots an arrow.
The arrow hits you.
* * * LOW HITPOINT WARNING * * *
The ice beast completely misses you.
You hear a shout!
There is a stone staircase leading down, spattered with blood here.
You see here an arrow.
Something hits you.
* * * LOW HITPOINT WARNING * * *
The shadow strikes at you from the darkness!
You die...

.# .
#.#........# ..#
# #..(c....#
#...#.###(.#####
# #[...#......#
# #...?.......#
##..##..c...# #.
#....c.#
##....Y.#
#....(@.#
#.......#
..........#
...........#
###........#
#..####### #.#
#.


You could see an ice beast and 3 centaurs.

Vanquished Creatures
  Josephine (D:12)
  A yaktaur captain (D:15)
  2 centaur warriors
  A death knight (D:7)
  2 two-headed ogres
  An unseen horror (D:12)
  2 deep elf magi
  An ugly thing (D:12)
  2 manticores
  2 cyclopes
  2 gargoyles
  A spiny frog (shapeshifter) (D:14)
  A spiny frog (Lair:1)
  An efreet (D:14)
  A komodo dragon (D:11)
  A yaktaur (D:15)
  A queen bee (D:8)
  4 trolls
  3 meliai (D:11)
  A hornet (D:11)
  Prince Ribbit (D:5)
  3 hippogriffs
  A meliai zombie (D:13)
  A shadow (D:12)
  2 wyverns
  6 wraiths (D:12)
  2 hogs (D:14)
  8 yaks
  A hungry ghost (D:8)
  A basilisk (D:15)
  Menkaure (D:5)
  3 vampire mosquitoes (D:14)
  An acid dragon (D:11)
  2 soldier ants
  3 orc warriors
  5 phantoms
  A sky beast (D:5)
  An eye of draining (D:7)
  An ice beast (D:6)
  6 centaurs
  A crocodile (Lair:1)
  2 big kobolds
  13 bullfrogs
  2 wyvern zombies
  A water moccasin zombie (D:6)
  29 killer bees
  8 wights
  3 howler monkeys (D:7)
  5 crimson imps
  4 hounds
  A jelly (D:9)
  3 orc priests
  9 orc wizards
  2 bullfrog skeletons
  6 iguanas
  6 worker ants
  A hound skeleton (D:8)
  2 howler monkey skeletons (D:4)
  12 adders
  3 shadow imps
  An ooze (D:2)
  2 adder zombies
  3 worms
  6 leopard geckos
  39 orcs
  4 ball pythons
  4 giant cockroaches
  9 goblins
  7 hobgoblins
  2 jackals (D:3)
  5 quokkas
  3 bats
  8 frilled lizards
  14 kobolds
  3 leopard gecko skeletons
  3 rats
307 creatures vanquished.

Vanquished Creatures (collateral kills)
  A two-headed ogre (D:11)
1 creature vanquished.

Vanquished Creatures (others)
  A plant (D:11)
1 creature vanquished.

Grand Total: 309 creatures vanquished

Notes
Turn   | Place    | Note
-------+----------+-------------------------------------------
     0 | D:1      | xgamer67 the Troll Fighter began the quest for the Orb.
     0 | D:1      | Reached XP level 1. HP: 22/22 MP: 0/0
   357 | D:1      | Reached XP level 2. HP: 29/29 MP: 1/1
  1087 | D:2      | Reached skill level 3 in Unarmed Combat
  1140 | D:2      | Reached XP level 3. HP: 34/36 MP: 2/2
  1496 | D:2      | Reached XP level 4. HP: 44/44 MP: 3/3
  1645 | D:2      | Reached skill level 4 in Unarmed Combat
  2396 | D:3      | Reached XP level 5. HP: 47/50 MP: 4/4
  2615 | D:3      | Found a blossoming altar of Fedhas.
  2697 | D:3      | Found a glowing golden altar of the Shining One.
  2826 | D:4      | Found a shadowy altar of Dithmenos.
  2830 | D:4      | Found a glowing silver altar of Zin.
  2833 | D:4      | Found an iron altar of Okawaru.
  2836 | D:4      | Found a burning altar of Makhleb.
  2840 | D:4      | Became a worshipper of Makhleb the Destroyer
  2963 | D:4      | Reached skill level 5 in Unarmed Combat
  3080 | D:4      | Reached XP level 6. HP: 49/59 MP: 5/5
  3302 | D:4      | Reached skill level 6 in Unarmed Combat
  3819 | D:5      | Entered Level 5 of the Dungeon
  3819 | D:5      | Noticed Menkaure
  4079 | D:5      | Noticed a sky beast
  4082 | D:5      | Found Tuyho's Assorted Antiques.
  4115 | D:5      | Killed a sky beast
  4115 | D:5      | Reached XP level 7. HP: 60/66 MP: 6/6
  4120 | D:5      | Bought a pink potion for 18 gold pieces
  4120 | D:5      | Bought a twisted cloak for 199 gold pieces
  4120 | D:5      | Bought a forked fluorescent wand for 84 gold pieces
  4130 | D:5      | Identified the cursed +0 cloak of Beyond {rC- Int+3 Dex+2} (You bought it in a shop on level 5 of the Dungeon)
  4207 | D:5      | Noticed Prince Ribbit
  4218 | D:5      | Killed Prince Ribbit
  4218 | D:5      | Reached skill level 7 in Unarmed Combat
  4275 | D:5      | Found a staircase to the Ecumenical Temple.
  4357 | D:5      | Reached skill level 5 in Shields
  4379 | D:5      | Reached XP level 8. HP: 74/74 MP: 7/7
  4463 | D:5      | Killed Menkaure
  4463 | D:5      | Reached skill level 8 in Unarmed Combat
  4562 | D:5      | Reached * piety under Makhleb
  4918 | D:6      | You fall through a shaft for 2 floors!
  5304 | D:6      | Reached skill level 9 in Unarmed Combat
  5832 | D:7      | Reached XP level 9. HP: 73/80 MP: 8/8
  5866 | D:7      | Found Rayzil's General Store.
  5874 | D:7      | Bought a potion of agility for 64 gold pieces
  5920 | D:7      | Reached skill level 10 in Unarmed Combat
  5936 | D:7      | Reached ** piety under Makhleb
  5941 | D:7      | Noticed a six-headed hydra
  6126 | D:7      | Found a runed door.
  6126 | D:7      | Found a runed door.
  6126 | D:7      | Noticed a death knight
  6140 | D:7      | Killed a death knight
  6140 | D:7      | Reached skill level 11 in Unarmed Combat
  6336 | D:7      | Found Ygelieq's Weapon Shoppe.
  6421 | D:7      | Noticed a troll
  6429 | D:7      | Killed a troll
  6642 | D:8      | Reached XP level 10. HP: 88/88 MP: 9/9
  6798 | D:8      | Reached skill level 12 in Unarmed Combat
  7467 | D:8      | Reached *** piety under Makhleb
  8138 | D:9      | Found a bloodstained altar of Trog.
  8410 | D:9      | You fall through a shaft for 3 floors!
  8414 | D:12     | Noticed a manticore
  8425 | D:12     | Killed a manticore
  8427 | D:11     | Noticed a two-headed ogre
  8428 | D:11     | Killed a two-headed ogre
  8428 | D:11     | Reached skill level 13 in Unarmed Combat
  8588 | D:11     | Got an ichor-stained robe
  8591 | D:11     | Found an opulent altar of Gozag.
  8644 | D:11     | Noticed a cyclops
  8649 | D:11     | Killed a cyclops
  8649 | D:11     | Reached skill level 1 in Invocations
  8731 | D:11     | Noticed a manticore
  8741 | D:11     | Killed a manticore
  8741 | D:11     | Reached XP level 11. HP: 74/94 MP: 11/11
  8785 | D:11     | Reached **** piety under Makhleb
  8890 | D:11     | Found a staircase to the Lair.
  9030 | D:11     | HP: 5/141 [meliai/hand axe (8)]
  9229 | D:11     | Found a hide-covered altar of Uskayaw.
  9448 | D:11     | Identified the +1 robe of Rorutib {Str+3} (You found it on level 11 of the Dungeon)
  9485 | Lair:1   | Entered Level 1 of the Lair of Beasts
  9567 | Lair:1   | Reached skill level 14 in Unarmed Combat
  9591 | Lair:1   | Noticed a six-headed hydra
  9767 | D:12     | Noticed a brown ugly thing
  9782 | D:12     | Killed a brown ugly thing
  9911 | D:12     | Killed an unseen horror
 10076 | D:12     | Noticed Josephine
 10084 | D:12     | Killed Josephine
 10153 | D:12     | Found a staircase to the Orcish Mines.
 10153 | D:12     | Noticed a two-headed ogre
 10162 | D:12     | Killed a two-headed ogre
 10279 | D:12     | Reached skill level 5 in Invocations
 10507 | D:13     | Noticed a two-headed ogre
 10514 | D:13     | Killed a two-headed ogre
 10514 | D:13     | Reached XP level 12. HP: 109/109 MP: 14/14
 10578 | D:13     | Found a flickering gateway to a bazaar.
 10607 | Bazaar   | Entered a bazaar
 10612 | Bazaar   | Found Nuebauh's Antique Weapon Boutique.
 10613 | Bazaar   | Found Holl's Antique Weapon Shop.
 10638 | Bazaar   | Found Yrubog's Armour Emporium.
 10638 | Bazaar   | Found Vaffom's Armour Shoppe.
 10656 | Bazaar   | Found Numompuw's Assorted Antiques.
 10675 | Bazaar   | Found Jaheqow's Armour Shop.
 10698 | Bazaar   | Bought a scroll of identify for 44 gold pieces
 10698 | Bazaar   | Bought a scroll of identify for 44 gold pieces
 10698 | Bazaar   | Bought a scroll of identify for 44 gold pieces
 10698 | Bazaar   | Bought a scroll labeled WEVUEC BEMP for 22 gold pieces
 11156 | D:13     | Reached ***** piety under Makhleb
 11224 | D:13     | Reached skill level 5 in Fighting
 11296 | D:13     | Noticed a centaur warrior
 11306 | D:13     | Killed a centaur warrior
 11356 | D:13     | You fall through a shaft for 2 floors!
 11356 | D:15     | Entered Level 15 of the Dungeon
 11399 | D:15     | Found a frozen archway.
 11460 | D:15     | Reached skill level 15 in Unarmed Combat
 11630 | D:14     | Noticed Snorg
 11684 | D:14     | Noticed a two-headed ogre
 11821 | D:15     | Found a staircase to the Depths.
 11821 | D:15     | Noticed a yaktaur captain
 11827 | D:15     | Killed a yaktaur captain
 11828 | D:15     | Noticed a centaur warrior
 11840 | D:15     | Killed a centaur warrior
 11945 | D:14     | Noticed Kirke
 12111 | D:14     | Noticed Agnes
 12130 | D:14     | Noticed a centaur warrior
 12140 | D:14     | HP: 3/114 [something (7)]
 12143 | D:14     | Slain by a shadow

Vault maps used:
D:1:      onia_arrival_mini_maze, minmay_pentomino_t4
D:2:      wad_river_or_something
D:3:      lemuel_upstairs_altar, tso_altar, fedhas_altar_1
D:4:      grunt_temple_overflow_cloverleaf
D:5:      minmay_temple_entry_junction, serial_shops, shop, first_bread,
          uniq_prince_ribbit1, uniq_menkaure
D:6:      kennysheep_generic_room_13
D:7:      minmay_the_grid_four_pointed_star, serial_shops, kennysheep_mini,
          nicolae_shop_waterfront
D:8:      kennysheep_blocky_hall, serial_aquarium, aquarium_bridge_square,
          aquarium_bridge_square, aquarium_window_fake, aquarium_window_3,
          aquarium_window_1, aquarium_window_2, aquarium_view_2a,
          aquarium_view_2c, david_nohive_1
D:9:      bloody_trog
D:11:     david_lair_shrubbed, basic_altar,
          nicolae_gozag_cash_rules_everything_around_me
D:12:     orc_0_dummy, uniq_josephine
D:13:     serial_shops, bzr_in_the_mist
D:14:     lightli_vaults_fourway_checkpoint, minmay_misc_feat_more_columns,
          uniq_kirke, uniq_agnes, uniq_snorg, uniq_louise
D:15:     grunt_enter_depths_snipers, minmay_misc_feat_rows,
          portal_ice_cave_entry_pillars_1
Lair:1:   infiniplex_staircase_pool
Bazaar:   bazaar_minmay_noklob

Skill      XL: |  1  2  3  4  5  6  7  8  9 10 11 12 |
---------------+-------------------------------------+-----
Unarmed Combat | 3 4 5 6 7 9 11 13 14 15 | 15.2
Shields        | 3 4 5 6 7 8 9 |  9.0
Invocations    | 1 5 7 |  7.0
Fighting       | 4 6 |  6.0
Dodging        | |  2.4

Action                   |  1- 3 |  4- 6 |  7- 9 | 10-12 || total
-------------------------+-------+-------+-------+-------++-------
Melee: Unarmed           |    85 |   179 |   237 |   531 ||  1032
Throw: Tomahawk          |       |       |     1 |       ||     1
Evoke: Phantom mirror    |       |       |       |     1 ||     1
       Wand              |       |       |       |    13 ||    13
       Fan of gales      |       |       |       |     1 ||     1
  Use: Scroll            |     3 |     8 |     7 |    14 ||    32
       Potion            |       |       |     1 |     6 ||     7
 Stab: Distracted        |     1 |       |     1 |       ||     2
       Sleeping          |       |     1 |     1 |     1 ||     3
       Confused          |       |       |       |     1 ||     1
  Eat: Chunk             |    12 |    23 |    22 |    48 ||   105
       Fruit             |       |       |     5 |       ||     5
       Royal jelly       |       |       |     2 |       ||     2
Armor: Robe              |    18 |    41 |    38 |   113 ||   210
Dodge: Dodged            |    27 |    32 |    44 |   165 ||   268
Block: Shield            |    19 |    56 |   107 |   259 ||   441
